 Dungeon Crawl Stone Soup version 0.21.1-1-g345015f (webtiles) character file.

7340 troglodite the Slicer (level 10, -2/82 HPs)
             Began as a Demonspawn Berserker on June 4, 2018.
             Was a High Priest of Trog.
             Slain by Snorg (14 damage)
             ... on level 10 of the Dungeon.
             The game lasted 00:22:31 (8232 turns).

troglodite the Slicer (Demonspawn Berserker)        Turns: 8232, Time: 00:22:33

Health: -2/82      AC: 22    Str: 17    XL:     10   Next: 91%
Magic:  10/10      EV: 13    Int:  9    God:    Trog [*****.]
Gold:   348        SH:  0    Dex: 14    Spells: 9/9 levels left

rFire    . . .     SeeInvis +   b - +3 scimitar
rCold    . . .     Gourm    .   (no shield)
rNeg     . . .     Faith    .   D - +5 scale mail of Ynadyutt {rElec rF- MR+++ Dex-2}
rPois    .         Spirit   .   r - +2 hat
rElec    +         Reflect  .   (no cloak)
rCorr    .         Harm     .   i - +0 pair of gloves
MR       +++..                  d - +2 pair of boots
Stlth    +.........             L - amulet of regeneration
HPRegen  0.63/turn              w - ring of see invisible
MPRegen  0.12/turn              t - +2 ring of slaying

@: berserk cooldown, hasted and slowed
A: hooves 1, molten scales 2, demonic guardian 1, fire resistance 1, flame cloud
immunity
a: Berserk, Trog's Hand, Brothers in Arms, Burn Spellbooks, Renounce Religion


You were on level 10 of the Dungeon.
You worshipped Trog.
Trog was extremely pleased with you.
You were hungry.

You visited 1 branch of the dungeon, and saw 10 of its levels.

You collected 348 gold pieces.

Inventory:

Hand Weapons
 b - a +3 scimitar (weapon)
 o - a +0 long sword
Armour
 d - a +2 pair of boots (worn)
 i - a +0 pair of gloves (worn)
 r - a +2 hat (worn)
 D - the +5 scale mail of Ynadyutt (worn) {rElec rF- MR+++ Dex-2}
   (You found it on level 5 of the Dungeon)

   It affects your dexterity (-2).
   It makes you vulnerable to fire.
   It insulates you from electricity.
   It affects your resistance to hostile enchantments.
Jewellery
 e - an uncursed amulet of faith
 t - a +2 ring of slaying (right hand)
 w - a ring of see invisible (left hand)
 L - an amulet of regeneration (around neck)
Wands
 u - a wand of digging (28)
 y - a wand of paralysis (44)
 B - a wand of random effects (10)
 K - a wand of polymorph (8)
 M - a wand of flame (16)
 N - a wand of scattershot (7)
 O - a wand of clouds (3)
Scrolls
 g - 4 scrolls of remove curse
 k - 2 scrolls of enchant weapon {unknown}
 n - 2 scrolls of random uselessness {unknown}
 s - 2 scrolls of teleportation {unknown}
 x - 2 scrolls of magic mapping {unknown}
 z - 2 scrolls of blinking {unknown}
 C - a scroll of amnesia {unknown}
 E - a scroll of immolation {unknown}
 F - 2 scrolls of fog {unknown}
 G - 2 scrolls of fear {unknown}
 J - 3 scrolls of enchant armour {unknown}
Potions
 f - a potion of agility
 h - 3 potions of heal wounds
 j - 5 potions of curing
 m - 2 potions of cancellation
 p - 4 potions of lignification
 q - 2 potions of resistance
 v - a potion of flight
 H - 2 potions of ambrosia
Comestibles
 a - 5 chunks of flesh
 c - 24 rations


   Skills:
 * Level 8.5 Fighting
   Level 9.2(9.5) Short Blades
 + Level 3.6(6.9) Long Blades
 * Level 7.6 Armour
 * Level 6.2 Dodging
 + Level 2.3 Stealth


You had 9 spell levels left.
You didn't know any spells.

Dungeon Overview and Level Annotations

Branches:
Dungeon (10/15)            Temple (0/1) D:6
   Lair: D:8-11         Orc: D:9-12

Altars:
Cheibriados
The Shining One

Annotations:
D:10 Snorg


Innate Abilities, Weirdness & Mutations

You have large cloven feet.
You are mostly covered in molten scales. (AC +3)
A weak demonic guardian rushes to your aid.
Your flesh is heat resistant. (rF+)
You are immune to clouds of flame.


Message History

You feel much better. Snorg bites you. Snorg claws you but does no damage.
Snorg closely misses you.
Your white imp gestures at Snorg.
The puff of frost hits Snorg.
Snorg bites your white imp!!
Your white imp dies!
A centaur comes into view.
Snorg completely misses your quasit. Snorg claws your quasit!
Your quasit dies!
You feel much better. Snorg misses you. Snorg claws you!
Snorg claws you but does no damage. Snorg barely misses you. Snorg claws you.
Snorg closely misses you.
The centaur wields a shortbow.
The centaur shoots an arrow.
The arrow completely misses you.
You feel yourself speed up. Snorg bites you! Snorg claws you.
Snorg closely misses you. Snorg misses you. Snorg claws you!!
* * * LOW HITPOINT WARNING * * *
Snorg claws you but does no damage.
The centaur unwields an uncursed shortbow.
The centaur hits you but does no damage.
Snorg bites you!
You die...

############
#..........#
#..........+
#.:........#
#(.........#
#.........^#
#..........#
#....<@c...#
#......T...#
########'###
#####.#
#.....#
#.#####
####'#####
#..5.....#
#........+


You could see Snorg (berserk) and a centaur.

Vanquished Creatures
  3 two-headed ogres
  The ghost of Jaiteiro the Whirler, a novice HaHu of Okawaru (D:9)
  The ghost of Jaiteiro the Sneak, a novice KoVM (D:6)
  A troll (D:9)
  A hippogriff (D:7)
  3 yaks (D:10)
  A wraith (D:9)
  A sky beast (D:7)
  2 orc warriors
  A necrophage (D:9)
  2 black bears
  A phantom (D:8)
  3 ogres
  2 centaurs
  5 bullfrogs
  A big kobold (D:8)
  A wyvern zombie (D:9)
  A scorpion (D:8)
  A wyvern skeleton (D:7)
  3 killer bees (D:10)
  7 wights
  2 howler monkeys (D:5)
  2 crimson imps
  A centaur zombie (D:5)
  6 hounds
  2 jellies
  5 orc priests
  10 orc wizards
  4 iguanas
  2 bullfrog skeletons
  Natasha (thrice) (D:3)
  5 worker ants
  A killer bee zombie (D:9)
  A hound skeleton (D:9)
  4 gnolls (D:5)
  11 adders
  4 shadow imps
  2 oozes
  3 worms
  3 dart slugs
  10 leopard geckos
  34 orcs
  2 ball pythons
  7 giant cockroaches
  A goblin (D:3)
  11 hobgoblins
  6 jackals
  3 quokkas
  9 bats
  7 frilled lizards
  A jackal zombie (D:6)
  7 kobolds
  A leopard gecko skeleton (D:6)
  9 rats
221 creatures vanquished.

Vanquished Creatures (collateral kills)
  A black bear (D:6)
  An ogre (D:8)
  A howler monkey (D:5)
  A crimson imp (D:8)
  An orc wizard (D:4)
  3 orcs
  A jackal (D:8)
9 creatures vanquished.

Vanquished Creatures (others)
  7 toadstools (D:1)
7 creatures vanquished.

Grand Total: 237 creatures vanquished

Notes
Turn   | Place    | Note
-------+----------+-------------------------------------------
     0 | D:1      | troglodite the Demonspawn Berserker began the quest for the Orb.
     0 | D:1      | Reached XP level 1. HP: 18/18 MP: 1/1
   186 | D:1      | Gained mutation: You are partially covered in molten scales. (AC +2) [demonic ancestry]
   186 | D:1      | Reached XP level 2. HP: 16/24 MP: 2/2
   788 | D:1      | Reached ** piety under Trog
   788 | D:1      | Reached XP level 3. HP: 29/29 MP: 3/3
  1147 | D:2      | Gained mutation: Your flesh is heat resistant. (rF+) [demonic ancestry]
  1147 | D:2      | Reached XP level 4. HP: 27/37 MP: 2/4
  2247 | D:3      | Noticed Natasha
  2250 | D:3      | Reached skill level 1 in Short Blades
  2257 | D:3      | Killed Natasha
  2257 | D:3      | Reached XP level 5. HP: 42/42 MP: 5/5
  2260 | D:3      | Reached skill level 2 in Short Blades
  2377 | D:3      | Noticed Natasha
  2386 | D:3      | Killed Natasha
  2459 | D:3      | Reached *** piety under Trog
  2905 | D:3      | Gained mutation: A weak demonic guardian rushes to your aid. [demonic ancestry]
  2905 | D:3      | Reached XP level 6. HP: 49/49 MP: 6/6
  3005 | D:3      | Noticed Natasha
  3012 | D:3      | Killed Natasha
  3012 | D:3      | Reached skill level 3 in Short Blades
  3643 | D:4      | Found a glowing golden altar of the Shining One.
  3770 | D:5      | Entered Level 5 of the Dungeon
  3833 | D:5      | Gained mutation: You are mostly covered in molten scales. (AC +3) [demonic ancestry]
  3833 | D:5      | Reached XP level 7. HP: 55/55 MP: 7/7
  3916 | D:5      | Got a fine scale mail
  3931 | D:5      | Identified the +5 scale mail of Ynadyutt {rElec rF- MR+++ Dex-2} (You found it on level 5 of the Dungeon)
  3963 | D:5      | Reached skill level 4 in Short Blades
  4025 | D:5      | Reached skill level 5 in Fighting
  4655 | D:6      | Reached skill level 1 in Stealth
  4718 | D:6      | Gained mutation: You are immune to clouds of flame. [demonic ancestry]
  4718 | D:6      | Reached XP level 8. HP: 60/63 MP: 8/8
  4743 | D:6      | Reached **** piety under Trog
  4743 | D:6      | Reached skill level 5 in Short Blades
  4805 | D:6      | Found a staircase to the Ecumenical Temple.
  4851 | D:6      | Found a snail-covered altar of Cheibriados.
  5170 | D:6      | Noticed Jaiteiro's ghost (novice KoVM)
  5179 | D:6      | Killed Jaiteiro's ghost
  5300 | D:7      | Reached skill level 5 in Armour
  5309 | D:7      | Reached skill level 6 in Short Blades
  5423 | D:7      | Gained mutation: You have large cloven feet. [demonic ancestry]
  5423 | D:7      | Reached XP level 9. HP: 60/70 MP: 9/9
  6181 | D:8      | Reached ***** piety under Trog
  6205 | D:8      | Reached skill level 7 in Short Blades
  6751 | D:8      | Noticed a two-headed ogre
  6760 | D:8      | Killed a two-headed ogre
  6760 | D:8      | Reached skill level 5 in Dodging
  6910 | D:9      | Noticed a two-headed ogre
  6920 | D:9      | Killed a two-headed ogre
  6920 | D:9      | Reached skill level 8 in Short Blades
  6920 | D:9      | Reached XP level 10. HP: 79/79 MP: 10/10
  7077 | D:9      | Noticed a two-headed ogre
  7098 | D:9      | Killed a two-headed ogre
  7364 | D:9      | Noticed Jaiteiro's ghost (novice HaHu)
  7388 | D:9      | Killed Jaiteiro's ghost
  7388 | D:9      | Reached skill level 9 in Short Blades
  8129 | D:10     | Entered Level 10 of the Dungeon
  8207 | D:10     | Noticed Snorg
  8232 | D:10     | Slain by Snorg

Skill      XL: |  1  2  3  4  5  6  7  8  9 10 |
---------------+-------------------------------+-----
Dodging        | 2 3 4 5 6 |  6.2
Long Blades    | 3 |  3.6
Armour         | 2 4 5 6 7 |  7.6
Fighting       | 4 5 6 7 8 |  8.5
Short Blades   | 1 2 3 4 6 8 9 |  9.2
Stealth        | 1 2 |  2.3

Action                   |  1- 3 |  4- 6 |  7- 9 | 10-12 || total
-------------------------+-------+-------+-------+-------++-------
Melee: Falchion          |   100 |     1 |       |       ||   101
       Short sword       |       |   278 |   431 |   161 ||   870
       Long sword        |       |     6 |       |       ||     6
       Scimitar          |       |       |       |    24 ||    24
Invok: Berserk           |       |     5 |     8 |     4 ||    17
       Burn Spellbooks   |       |       |     1 |       ||     1
  Use: Scroll            |       |       |    11 |     1 ||    12
       Potion            |       |       |       |     3 ||     3
 Stab: Sleeping          |     1 |       |       |       ||     1
       Distracted        |       |     2 |     1 |     1 ||     4
  Eat: Chunk             |     1 |    13 |    17 |     8 ||    39
Armor: Animal skin       |     7 |       |       |       ||     7
       Ring mail         |    27 |     7 |       |       ||    34
       Plate armour      |       |   124 |     4 |       ||   128
       Scale mail        |       |       |   109 |    58 ||   167
Dodge: Dodged            |    72 |    68 |   158 |    60 ||   358
       Rpst.: Falchion   |    23 |     1 |       |       ||    24
       Long sword        |       |     3 |       |       ||     3
       Scimitar          |       |       |       |     5 ||     5
